 Dungeon Sprint DCSS version 0.29.1-13-g9f3cf754e1 (webtiles) character file.

Game seed: 11668823784348122027

5981 Groucho the Unseen (level 10, -10/44 HPs)
             Began as a Spriggan Enchanter on Jan 22, 2023.
             Was the Champion of Dithmenos.
             Mangled by a merfolk siren
             ... wielding a +0 spear
              (17 damage)
             ... in the Dungeon (Sprint VII: "The Pits").
             The game lasted 00:12:52 (2473 turns).

Groucho the Unseen (Spriggan Enchanter)             Turns: 2473, Time: 00:12:53

Health: -10/44     AC:  3    Str:  8    XL:     10   Next: 55%
Magic:  4/27       EV: 23    Int: 17    God:    Dithmenos [******]
Gold:   0          SH:  0    Dex: 16    Spells: 22/33 levels left

rFire   . . .      SeeInvis +   q - +2 rapier (venom)
rCold   . . .      Faith    .   (no shield)
rNeg    . . .      Spirit   .   b - +0 robe
rPois   .          Reflect  .   (helmet restricted)
rElec   .          Harm     .   p - +0 cloak
rCorr   .          Rampage  .   (gloves unavailable)
Will    +....      NoTele   +   (boots unavailable) Stlth **++++++++
                                (no amulet)
HPRegen 0.14/turn               m - +3 ring of evasion
MPRegen 0.20/turn               n - +3 ring of evasion

@: mesmerised, wreathed by umbra, very quick
A: very small, no large weapons, unfitting armour, see invisible, speed 3
a: Renounce Religion, Shadow Step, Shadow Form


You were in the Dungeon.
You worshipped Dithmenos.
Dithmenos was exalted by your worship.
You visited 1 branch

Inventory:

Hand Weapons
 a - a +2 dagger
 l - a +1 rapier of electrocution
 q - a +2 rapier of venom (weapon)
Armour
 b - a +0 robe (worn)
 p - a +0 cloak (worn)
Jewellery
 m - a +3 ring of evasion (left hand)
 n - a +3 ring of evasion (right hand)
Scrolls
 i - a scroll of blinking
 j - 5 scrolls of amnesia
 k - a scroll of summoning
Potions
 c - 4 potions of invisibility
 d - 7 potions of curing
 e - 14 potions of heal wounds
 f - 3 potions of haste
 g - 4 potions of magic
 h - 3 potions of berserk rage
 o - a potion of mutation


   Skills:
 + Level 11.1 Short Blades
 - Level 2.6 Dodging
 - Level 16.0 Stealth
 + Level 12.0 Spellcasting
 + Level 7.0 Conjurations
 + Level 12.4 Hexes
 * Level 13.3 Invocations


You had 22 spell levels left.
You knew the following spells:

 Your Spells              Type           Power      Damage    Failure   Level
a - Ensorcelled Hibernat  Hex/Ice        62%        N/A       1%          2
b - Confusing Touch       Hex            51%        N/A       1%          3
c - Dazzling Flash        Conj/Hex       86%        N/A       1%          3
d - Tukima's Dance        Hex            51%        N/A       1%          3

Your spell library contained the following spells:

 Spells                   Type           Power      Damage    Failure   Level


Dungeon Overview and Level Annotations

Branches:
Dungeon (1/1)

Altars:
Ashenzari
Cheibriados
Dithmenos
Elyvilon
Fedhas
Gozag
Hepliaklqana
Kikubaaqudgha
Makhleb
Nemelex Xobeh
Okawaru
Qazlal
Ru
Sif Muna
Trog
Uskayaw
Vehumet
Wu Jian
Xom
Yredelemnul
Zin
The Shining One
Jiyva
Lugonu


Innate Abilities, Weirdness & Mutations

You are very small and have problems with some larger weapons.
You are too small for most types of armour.
You have supernaturally acute eyesight. (SInv)
You cover ground extremely quickly. (Speed+++)


Message History

You barely miss the merfolk.
The merfolk is lightly wounded.
Your shadow hits the merfolk with a rapier.
The merfolk closely misses you.
The merfolk siren chants a haunting song.
You resist with almost no effort.
You hit the merfolk.
The merfolk is moderately wounded.
The merfolk hits you with a +0 trident!
You completely miss the merfolk.
The merfolk is moderately wounded.
Your shadow barely misses the merfolk.
The merfolk siren misses you.
You puncture the merfolk!
The merfolk is heavily wounded.
Your shadow misses the merfolk. The merfolk closely misses you.
You hit the merfolk but do no damage.
The merfolk is heavily wounded.
Your shadow barely misses the merfolk.
The merfolk siren chants a haunting song.
You easily resist.
The merfolk closely misses you.
An unseen horror comes into view.
You hit the merfolk.
The merfolk is severely wounded.
The merfolk siren chants a haunting song.
You are mesmerised by the merfolk siren!
You barely miss the merfolk.
The merfolk is severely wounded.
Your shadow misses the merfolk. The merfolk closely misses you.
You hit the merfolk.
The merfolk looks as sick as possible!
The merfolk is severely wounded.
The merfolk siren chants its luring song.
You closely miss the merfolk.
The merfolk is severely wounded.
Your shadow misses the merfolk.
The merfolk hits you with a +0 trident!!
Ouch! That really hurt!
* * * LOW HITPOINT WARNING * * *
You emit a cloud of dark smoke.
The merfolk siren hits you from afar with a +0 spear!
You die...

#................+
'................+
#......#..#......#
#....)...........#
####'#####''#####
#.......##''# ##### #####
#.......##.)###§§§# #..'.
#.......##...##§§§##§.#
#...<...###...##@##§§#
#.......# ##...§§mmo..#
#.......###..###§###...#
#.......##..##.....##§.#
##########..'.)....o'.om.
##########).##.....##.o#m.
.).#..[[###..###'###...##'#
...#...[# ##.......o..## 4.
..['..))# #...##'##o.#


You could see a merfolk (extremely poisoned), a merfolk siren (mesmerising) and
an orc warrior.

Vanquished Creatures
  A sea snake (D)
  A phantasmal warrior (D)
  A deep elf pyromancer (D)
  An orc knight (D)
  A deep elf zephyrmancer (D)
  A black mamba (D)
  A gargoyle (D)
  A kobold demonologist (D)
  A freezing wraith (D)
  2 flying skulls (D)
  5 yaks (D)
  A wyvern (D)
  A water moccasin (D)
  A swamp drake (D)
  2 orc warriors (D)
  A black bear (D)
  2 ogres (D)
  A phantom (D)
  Blork the orc (D)
  2 kobold brigands (D)
  2 scorpions (D)
  4 wights (D)
  A jelly (D)
  A hound (D)
  An iron imp (D)
  An orc wizard (D)
  A mummy (D)
  An ufetubus (D)
  A worm (D)
  2 orcs (D)
  7 jackals (D)
  6 kobolds (D)
  A quokka (D)
  A ball python skeleton (D)
  A rat (D)
59 creatures vanquished.

Notes
Turn   | Place    | Note
-------+----------+-------------------------------------------
     0 | D        | Groucho the Spriggan Enchanter began the quest for the Orb.
     0 | D        | Reached XP level 1. HP: 9/9 MP: 5/5
     8 | D        | Noticed a scorpion
    13 | D        | Killed a scorpion
    14 | D        | Reached skill level 8 in Stealth
    14 | D        | Reached skill level 5 in Hexes
    14 | D        | Reached XP level 2. HP: 13/13 MP: 5/8
    14 | D        | Reached XP level 3. HP: 16/16 MP: 6/10
   260 | D        | Found a bloodstained altar of Trog.
   260 | D        | Found a shimmering blue altar of Sif Muna.
   260 | D        | Found a viscous altar of Jiyva.
   260 | D        | Found a hazy altar of Hepliaklqana.
   260 | D        | Found an opulent altar of Gozag.
   261 | D        | Found a glowing golden altar of the Shining One.
   261 | D        | Found a glowing silver altar of Zin.
   261 | D        | Found a basalt altar of Yredelemnul.
   261 | D        | Found a shimmering altar of Xom.
   261 | D        | Found an ornate altar of the Wu Jian Council.
   261 | D        | Found a sacrificial altar of Ru.
   261 | D        | Found a stormy altar of Qazlal.
   261 | D        | Found an iron altar of Okawaru.
   261 | D        | Found a sparkling altar of Nemelex Xobeh.
   261 | D        | Found a burning altar of Makhleb.
   261 | D        | Found a blossoming altar of Fedhas.
   261 | D        | Found a white marble altar of Elyvilon.
   261 | D        | Found a shadowy altar of Dithmenos.
   261 | D        | Found a snail-covered altar of Cheibriados.
   263 | D        | Found a radiant altar of Vehumet.
   263 | D        | Found a corrupted altar of Lugonu.
   264 | D        | Found a hide-covered altar of Uskayaw.
   264 | D        | Found an ancient bone altar of Kikubaaqudgha.
   264 | D        | Found a broken altar of Ashenzari.
   275 | D        | Became a worshipper of Dithmenos the Shadowed
   299 | D        | Learned a level 2 spell: Ensorcelled Hibernation
   303 | D        | Learned a level 3 spell: Confusing Touch
   307 | D        | Learned a level 3 spell: Dazzling Flash
   311 | D        | Learned a level 3 spell: Tukima's Dance
   318 | D        | Reached * piety under Dithmenos
   329 | D        | Reached XP level 4. HP: 14/21 MP: 1/11
   589 | D        | Reached ** piety under Dithmenos
   593 | D        | Reached skill level 9 in Stealth
   621 | D        | Reached skill level 5 in Spellcasting
   621 | D        | Reached skill level 1 in Conjurations
   632 | D        | Reached *** piety under Dithmenos
   633 | D        | Reached skill level 10 in Stealth
   633 | D        | Reached XP level 5. HP: 21/24 MP: 3/14
   637 | D        | Reached skill level 5 in Short Blades
   637 | D        | Reached skill level 11 in Stealth
   672 | D        | Reached **** piety under Dithmenos
   821 | D        | Reached XP level 6. HP: 28/28 MP: 12/16
   824 | D        | Reached skill level 12 in Stealth
   824 | D        | Reached skill level 5 in Invocations
   914 | D        | Reached ***** piety under Dithmenos
   929 | D        | Reached skill level 13 in Stealth
   929 | D        | Reached XP level 7. HP: 32/32 MP: 5/18
  1385 | D        | Noticed a freezing wraith
  1387 | D        | Killed a freezing wraith
  1388 | D        | Reached skill level 14 in Stealth
  1394 | D        | Reached XP level 8. HP: 36/36 MP: 21/21
  1403 | D        | Noticed Blork the orc
  1403 | D        | Noticed a deep elf pyromancer
  1404 | D        | Noticed a sea snake
  1405 | D        | Killed a deep elf pyromancer
  1406 | D        | Reached skill level 15 in Stealth
  1407 | D        | Killed Blork the orc
  1410 | D        | Killed a sea snake
  1411 | D        | Reached skill level 16 in Stealth
  1411 | D        | Reached XP level 9. HP: 25/39 MP: 12/23
  1517 | D        | Noticed a deep elf zephyrmancer
  1520 | D        | Noticed a phantasmal warrior
  1524 | D        | Killed a phantasmal warrior
  1525 | D        | Reached skill level 10 in Spellcasting
  1525 | D        | Reached skill level 5 in Conjurations
  1525 | D        | Reached skill level 10 in Hexes
  1525 | D        | Reached skill level 10 in Invocations
  1525 | D        | Killed a deep elf zephyrmancer
  1525 | D        | Reached ****** piety under Dithmenos
  1527 | D        | Noticed a merfolk
  1673 | D        | Noticed a kobold demonologist
  1677 | D        | Noticed a sixfirhy
  1761 | D        | Noticed an orange demon
  1767 | D        | Reached skill level 10 in Short Blades
  1768 | D        | Killed a kobold demonologist
  1769 | D        | Reached XP level 10. HP: 40/44 MP: 17/26
  1782 | D        | Noticed a gargoyle
  1810 | D        | Killed a gargoyle
  2329 | D        | Noticed an orc knight
  2435 | D        | Noticed a merfolk siren
  2442 | D        | Noticed a black mamba
  2445 | D        | Killed a black mamba
  2453 | D        | Killed an orc knight
  2473 | D        | Mangled by a merfolk siren

Illustrated notes

Levels and vault maps discovered:
D:        pitsprint [storerooms_1, entrance_room_1, metal_vault_5, armoury_2,
          mini_pit_1, grid_room_1, main_hall_1, silver_pit, the_coven_3,
          the_vestibule_1, steel_vault_1, golden_pit, hallway_of_sentries,
          crystal_vault_1, iron_vault_5, final_vault]

Skill      XL: |  1  2  3  4  5  6  7  8  9 10 |
---------------+-------------------------------+-----
Short Blades   | 3 4 5 6 7 8 10 11 | 11.1
Stealth        | 8 10 11 13 14 16 | 16.0
Spellcasting   | 4 5 6 7 8 9 11 12 | 12.0
Hexes          | 5 6 7 8 9 11 12 | 12.4
Conjurations   | 1 2 3 4 6 7 |  7.0
Invocations    | 3 4 6 7 9 12 13 | 13.3
Dodging        | |  2.6

Action                   |  1- 3 |  4- 6 |  7- 9 | 10-12 || total
-------------------------+-------+-------+-------+-------++-------
Melee: Dagger            |    15 |    70 |    11 |       ||    96
       Rapier            |       |       |    18 |    68 ||    86
 Cast: Ensorcelled Hiber |     4 |     7 |    17 |    14 ||    42
       Confusing Touch   |       |     7 |     2 |     3 ||    12
Invok: Shadow Step       |       |       |     3 |     2 ||     5
       Shadow Form       |       |       |       |     1 ||     1
  Use: Potion            |       |     1 |       |     1 ||     2
 Stab: Sleeping          |     4 |     7 |    19 |     9 ||    39
       Confused          |       |     5 |     2 |     3 ||    10
       Invisible         |       |       |       |     5 ||     5
Armor: Robe              |     1 |       |       |     1 ||     2
Dodge: Dodged            |     9 |    36 |    11 |    42 ||    98
